SAAA
ATHLETIC CLUB KC RESERVES @ ROYSE CITY TARGARYENS
09/13/2034
 
TOP OF THE 1ST
Athletic Club KC Reserves batting - Pitching for Royse City Targaryens : RHP Shang-de Fu
Pitching: RHP Shang-de Fu
Batting: RHB Armando Altagracia 0-0: Called Strike
0-1: Foul Ball, location: 2F
0-2: Ball
1-2: Strikes out swinging
Batting: LHB Kwang-chih Feng 0-0: Ball
1-0: Called Strike
1-1: Fly out, F9 (Flyball, 9)
Batting: LHB Tsai Ng 0-0: SOLO HOME RUN (Flyball, 9LD), Distance : 337 ft
Batting: LHB Luis Miguel González 0-0: Foul Ball, location: 2F
0-1: Ball
1-1: Foul Ball, location: 2F
1-2: Ball
2-2: Strikes out looking
Top of the 1st over - 1 run, 1 hit, 0 errors, 0 left on base; Athletic Club KC 1 - Royse City 0
BOTTOM OF THE 1ST
Royse City Targaryens batting - Pitching for Athletic Club KC Reserves : RHP David Rowlingson
Pitching: RHP David Rowlingson
Batting: LHB Takahiro Suzuki 0-0: Foul Ball, location: 2F
0-1: Ball
1-1: Foul Ball, location: 2F
1-2: Foul Ball, location: 2F
1-2: Strikes out looking
Batting: RHB Víctor Cuevas 0-0: Called Strike
0-1: Ball
1-1: Ball
2-1: SINGLE (Flyball, 78M)
Batting: RHB Melvin Thomas 0-0: Ball
1-0: Ball
2-0: Swinging Strike
2-1: Grounds into double play, 6-4-3 (Groundball, 6)
Bottom of the 1st over - 0 runs, 1 hit, 0 errors, 0 left on base; Athletic Club KC 1 - Royse City 0
TOP OF THE 2ND
Athletic Club KC Reserves batting - Pitching for Royse City Targaryens : RHP Shang-de Fu
Batting: SHB Carlos Rodríguez 0-0: Called Strike
0-1: Swinging Strike
0-2: Ball
1-2: Foul Ball, location: 2F
1-2: Ball
2-2: Strikes out swinging
Batting: RHB Tasuku Goto 0-0: Called Strike
0-1: Called Strike
0-2: Ball
1-2: Foul Ball, location: 2F
1-2: Ground out 1-3 (Groundball, 13S)
Batting: LHB Manuel Domínguez 0-0: Foul Ball, location: 2F
0-1: Ball
1-1: Ball
2-1: Fly out, F8 (Flyball, 78M)
Top of the 2nd over - 0 runs, 0 hits, 0 errors, 0 left on base; Athletic Club KC 1 - Royse City 0
BOTTOM OF THE 2ND
Royse City Targaryens batting - Pitching for Athletic Club KC Reserves : RHP David Rowlingson
Batting: LHB Santiago Miranda 0-0: Called Strike
0-1: Ball
1-1: Fly out, F9 (Flyball, 9S)
Batting: SHB Miguel Herrera 0-0: Ball
1-0: Ground out 4-3 (Groundball, 4M)
Batting: RHB David Elías 0-0: Ball
1-0: Ball
2-0: Ball
3-0: Base on Balls
Batting: RHB José García 0-0: Foul Ball, location: 2F
0-1: Called Strike
0-2: Ball
1-2: Ball
2-2: Ball
3-2: Foul Ball, location: 2F
3-2: Ground out 5-3 (Groundball, 5L)
Bottom of the 2nd over - 0 runs, 0 hits, 0 errors, 1 left on base; Athletic Club KC 1 - Royse City 0
TOP OF THE 3RD
Athletic Club KC Reserves batting - Pitching for Royse City Targaryens : RHP Shang-de Fu
Batting: RHB Troy Whitehurst 0-0: Foul Ball, location: 2F
0-1: Fly out, F8 (Flyball, 8RXD)
Batting: RHB Pedro Solís 0-0: Called Strike
0-1: SINGLE (Line Drive, 78S)
Batting: RHB Armando Altagracia 0-0: Ball
1-0: Ball
2-0: Foul Ball, location: 2F
2-1: Foul Ball, location: 2F
2-2: Ball
3-2: Strikes out looking
Batting: LHB Kwang-chih Feng 0-0: Called Strike
0-1: Called Strike
0-2: Ball
1-2: Fly out, F6 (Popup, 6M)
Top of the 3rd over - 0 runs, 1 hit, 0 errors, 1 left on base; Athletic Club KC 1 - Royse City 0
BOTTOM OF THE 3RD
Royse City Targaryens batting - Pitching for Athletic Club KC Reserves : RHP David Rowlingson
Batting: SHB Vernon T. Waldrip 0-0: Ball
1-0: Foul Ball, location: 2F
1-1: Foul Ball, location: 2F
1-2: Ball
2-2: SINGLE (Flyball, 7LM)
Batting: RHB Breanainn Swartwood 0-0: Ball
1-0: Grounds into double play, 4-6-3 (Groundball, 4)
Batting: LHB Takahiro Suzuki 0-0: Bunt - Flyout! F1
Bottom of the 3rd over - 0 runs, 1 hit, 0 errors, 0 left on base; Athletic Club KC 1 - Royse City 0
TOP OF THE 4TH
Athletic Club KC Reserves batting - Pitching for Royse City Targaryens : RHP Shang-de Fu
Batting: LHB Tsai Ng 0-0: Ball
1-0: Ball
2-0: Called Strike
2-1: Called Strike
2-2: Ball
3-2: Strikes out swinging
Batting: LHB Luis Miguel González 0-0: Foul Ball, location: 2F
0-1: Ball
1-1: Called Strike
1-2: Foul Ball, location: 2F
1-2: Ball
2-2: Fly out, F9 (Flyball, 89M)
Batting: SHB Carlos Rodríguez 0-0: Swinging Strike
0-1: Ball
1-1: Ball
2-1: Called Strike
2-2: Ball
3-2: Base on Balls
Batting: RHB Tasuku Goto 0-0: Fly out, F7 (Flyball, 78M)
Top of the 4th over - 0 runs, 0 hits, 0 errors, 1 left on base; Athletic Club KC 1 - Royse City 0
BOTTOM OF THE 4TH
Royse City Targaryens batting - Pitching for Athletic Club KC Reserves : RHP David Rowlingson
Batting: RHB Víctor Cuevas 0-0: Ball
1-0: Swinging Strike
1-1: Called Strike
1-2: Strikes out swinging
Batting: RHB Melvin Thomas 0-0: Called Strike
0-1: Ball
1-1: Foul Ball, location: 2F
1-2: Foul Ball, location: 2F
1-2: Ball
2-2: Strikes out swinging
Batting: LHB Santiago Miranda 0-0: SINGLE (Line Drive, 4MD)
Batting: SHB Miguel Herrera 0-0: Foul Ball, location: 2F
0-1: Ball
1-1: Foul Ball, location: 2F
1-2: DOUBLE (Flyball, 89XD)
Santiago Miranda to third
Batting: RHB David Elías 0-0: Ball
1-0: Foul Ball, location: 2F
1-1: Ball
2-1: Ball
3-1: SINGLE (Line Drive, 6M)
Santiago Miranda scores
Miguel Herrera to third
Runner from 3rd tries for Home, SAFE, throw made home
David Elías to second
Batting: RHB José García 0-0: Ground out 1-3 (Groundball, 15S)
Bottom of the 4th over - 2 runs, 3 hits, 0 errors, 1 left on base; Athletic Club KC 1 - Royse City 2
TOP OF THE 5TH
Athletic Club KC Reserves batting - Pitching for Royse City Targaryens : RHP Shang-de Fu
Batting: LHB Manuel Domínguez 0-0: Ball
1-0: Called Strike
1-1: Ball
2-1: Ball
3-1: Called Strike
3-2: Foul Ball, location: 2F
3-2: Fly out, F9 (Flyball, 9)
Batting: RHB Troy Whitehurst 0-0: Foul Ball, location: 2F
0-1: Called Strike
0-2: Foul Ball, location: 2F
0-2: Foul Ball, location: 2F
0-2: Ball
1-2: Foul Ball, location: 2F
1-2: Ball
2-2: Ball
3-2: Foul Ball, location: 2F
3-2: Fly out, F9 (Flyball, 9)
Batting: RHB Pedro Solís 0-0: Ball
1-0: Called Strike
1-1: Ball
2-1: Called Strike
2-2: Ball
3-2: SINGLE (Line Drive, 78S)
Batting: RHB Armando Altagracia 0-0: Called Strike
0-1: Called Strike
0-2: Foul Ball, location: 2F
0-2: Strikes out swinging
Top of the 5th over - 0 runs, 1 hit, 0 errors, 1 left on base; Athletic Club KC 1 - Royse City 2
BOTTOM OF THE 5TH
Royse City Targaryens batting - Pitching for Athletic Club KC Reserves : RHP David Rowlingson
Batting: SHB Vernon T. Waldrip 0-0: Foul Ball, location: 2F
0-1: Swinging Strike
0-2: Ball
1-2: TRIPLE (Line Drive, 8LXD)
Batting: RHB Breanainn Swartwood 0-0: Called Strike
0-1: Ball
1-1: Ball
2-1: Foul Ball, location: 2F
2-2: Reached on error, E5 (Groundball, 56)
Vernon T. Waldrip scores
Batting: LHB Takahiro Suzuki 0-0: Sac Bunt - play at first, batter OUT! 1-3
Breanainn Swartwood to second
Batting: RHB Víctor Cuevas 0-0: Called Strike
0-1: Ball
1-1: Ball
2-1: Ground out 5-3 (Groundball, 56)
Batting: RHB Melvin Thomas 0-0: Ball
1-0: Called Strike
1-1: Swinging Strike
1-2: Fly out, F3 (Popup, 3F)
Bottom of the 5th over - 1 run, 1 hit, 1 error, 1 left on base; Athletic Club KC 1 - Royse City 3
TOP OF THE 6TH
Athletic Club KC Reserves batting - Pitching for Royse City Targaryens : RHP Shang-de Fu
Batting: LHB Kwang-chih Feng 0-0: Ground out 4-3 (Groundball, 4)
Batting: LHB Tsai Ng 0-0: Foul Ball, location: 2F
0-1: Ball
1-1: Called Strike
1-2: Fly out, F8 (Flyball, 8LM)
Batting: LHB Luis Miguel González 0-0: Fly out, F8 (Flyball, 8RD)
Top of the 6th over - 0 runs, 0 hits, 0 errors, 0 left on base; Athletic Club KC 1 - Royse City 3
BOTTOM OF THE 6TH
Royse City Targaryens batting - Pitching for Athletic Club KC Reserves : RHP David Rowlingson
Batting: LHB Santiago Miranda 0-0: Ground out 4-3 (Groundball, 4)
Batting: SHB Miguel Herrera 0-0: Ball
1-0: Foul Ball, location: 2F
1-1: Ball
2-1: Fly out, F1 (Line Drive, 13)
Batting: RHB David Elías 0-0: Ball
1-0: Ball
2-0: Called Strike
2-1: Ball
3-1: Foul Ball, location: 2F
3-2: Strikes out swinging
Bottom of the 6th over - 0 runs, 0 hits, 0 errors, 0 left on base; Athletic Club KC 1 - Royse City 3
TOP OF THE 7TH
Athletic Club KC Reserves batting - Pitching for Royse City Targaryens : RHP Shang-de Fu
Batting: SHB Carlos Rodríguez 0-0: Ball
1-0: Ball
2-0: Foul Ball, location: 2F
2-1: Foul Ball, location: 2F
2-2: Ground out 4-3 (Groundball, 4)
Batting: RHB Tasuku Goto 0-0: Fly out, F8 (Flyball, 8LD)
Batting: LHB Manuel Domínguez 0-0: Ball
1-0: Called Strike
1-1: Called Strike
1-2: Foul Ball, location: 2F
1-2: Ball
2-2: Ground out 6-3 (Groundball, 6M)
Top of the 7th over - 0 runs, 0 hits, 0 errors, 0 left on base; Athletic Club KC 1 - Royse City 3
BOTTOM OF THE 7TH
Royse City Targaryens batting - Pitching for Athletic Club KC Reserves : RHP David Rowlingson
Batting: RHB José García 0-0: Called Strike
0-1: Called Strike
0-2: Ball
1-2: Fly out, F4 (Popup, 34S)
Pitching: RHP Byron Rosebotham
Batting: SHB Vernon T. Waldrip 0-0: Ground out 3-1 (Groundball, 34S)
Batting: RHB Breanainn Swartwood 0-0: Ball
1-0: Ball
2-0: Ball
3-0: Foul Ball, location: 2F
3-1: Base on Balls
Batting: LHB Takahiro Suzuki 0-0: Called Strike
0-1: Ball
1-1: Reached on error, E4 (Groundball, 34)
Breanainn Swartwood to third
Batting: RHB Víctor Cuevas 0-0: Ball
1-0: Ball
2-0: Ball
3-0: Base on Balls
Batting: RHB Melvin Thomas 0-0: Ball
1-0: Ball
2-0: Called Strike
2-1: Swinging Strike
2-2: Strikes out swinging
Bottom of the 7th over - 0 runs, 0 hits, 1 error, 3 left on base; Athletic Club KC 1 - Royse City 3
TOP OF THE 8TH
Athletic Club KC Reserves batting - Pitching for Royse City Targaryens : RHP Shang-de Fu
Pitching: RHP Ralph McKinney
Batting: RHB Troy Whitehurst 0-0: Ball
1-0: Ball
2-0: Swinging Strike
2-1: Fly out, F3 (Popup, 3SF)
Batting: RHB Pedro Solís 0-0: Called Strike
0-1: DOUBLE (Line Drive, 78XD)
Batting: RHB Armando Altagracia 0-0: Ball
1-0: Foul Ball, location: 2F
1-1: Ball
2-1: Fly out, F5 (Popup, 25F)
Batting: LHB Kwang-chih Feng 0-0: Ground out 6-3 (Groundball, 56D)
Top of the 8th over - 0 runs, 1 hit, 0 errors, 1 left on base; Athletic Club KC 1 - Royse City 3
BOTTOM OF THE 8TH
Royse City Targaryens batting - Pitching for Athletic Club KC Reserves : RHP Byron Rosebotham
Batting: LHB Santiago Miranda 0-0: Ball
1-0: Ball
2-0: Ball
3-0: Called Strike
3-1: Called Strike
3-2: Fly out, F3 (Line Drive, 34)
Batting: SHB Miguel Herrera 0-0: Ball
1-0: SINGLE (Groundball, 4MD)
Batting: RHB David Elías 0-0: Called Strike
0-1: Ball
1-1: Called Strike
1-2: Ball
2-2: Ball
3-2: Base on Balls
Miguel Herrera to second
Pinch Hitting: RHB Tomás Martínez 0-0: Hit by Pitch
Miguel Herrera to third
David Elías to second
Batting: SHB Vernon T. Waldrip 0-0: Ball
1-0: Ball
2-0: Grounds into fielders choice 4-2 (Groundball, 4M)
David Elías to third
Tomás Martínez to second
Batting: RHB Breanainn Swartwood 0-0: Ball
1-0: Ball
2-0: Called Strike
2-1: Swinging Strike
2-2: Strikes out swinging
Bottom of the 8th over - 0 runs, 1 hit, 0 errors, 3 left on base; Athletic Club KC 1 - Royse City 3
TOP OF THE 9TH
Athletic Club KC Reserves batting - Pitching for Royse City Targaryens : RHP Ralph McKinney
Now in CF: Clifford Johnson
Batting: LHB Tsai Ng 0-0: Called Strike
0-1: Ball
1-1: Ball
2-1: Ball
3-1: SINGLE (Flyball, 9LS)
Batting: LHB Luis Miguel González 0-0: Ball
1-0: Foul Ball, location: 2F
1-1: Ball
2-1: Fly out, F7 (Flyball, 7S)
Batting: SHB Carlos Rodríguez 0-0: Ball
1-0: SINGLE (Line Drive, 34)
Tsai Ng to second
Batting: RHB Tasuku Goto 0-0: Fly out, F9 (Flyball, 89M)
Runner from 2nd tags up, SAFE at 3rd with throw
Batting: LHB Manuel Domínguez 0-0: Ball
1-0: Ball
2-0: Called Strike
2-1: Foul Ball, location: 2F
2-2: Strikes out swinging
Top of the 9th over - 0 runs, 2 hits, 0 errors, 2 left on base; Athletic Club KC 1 - Royse City 3
Friday, March 29th, 2019 - OOTP Baseball 18.8 Build 76